| Goals | Penalties |
No Goal
|
No Penalty
|
1. Roadrunners , William Eklund 30 (Julien Gauthier 36) at 4:53
|
Stanislav Svozil (PHO) for Tripping (Minor) at 13:18
|
2. Phantoms , Phil Di Giuseppe 31 (Wyatte Wylie 26, Andreas Johnsson 29) at 0:12
3. Roadrunners , William Eklund 31 (Nick Abruzzese 23) at 0:32
4. Roadrunners , Bobby Brink 23 (Colin White 39) at 2:05 (PP)
5. Phantoms , Tuukka Tieksola 5 (Riley Barber 39, Peter Abbandonato 33) at 13:02
6. Roadrunners , Linus Karlsson 10 (Colin White 40, Cam Dineen 1) at 19:59 (Empty Net)
|
Stefan Matteau (PHI) for Tripping (Minor) at 2:04 Cole Koepke (PHI) for Hooking (Minor) at 9:45 Stanislav Svozil (PHO) for Tripping (Minor) at 13:48
|
|
Malcolm Subban (PHI), 9 saves from 12 shots - (0,750), L, 32-20-13, 59:16 minutes
Garrett Metcalf (PHO), 6 saves from 8 shots - (0,750), W, 10-3-3, 60:00 minutes
|
|
1 - William Eklund (PHO)
2 - Linus Karlsson (PHO)
3 - Tuukka Tieksola (PHI)
|
Referees : Chris Lee and Peter MacDougall
Linesman : David Brisebois and Lisa Linnek
|
|
Linus Karlsson has scored in a empty net!
|
| Team Name |
Goals |
Shots |
Shots Attemp |
Shots Blocked |
PIM |
HIT |
PP |
PK |
FO% |
| Phantoms |
2 | 8 | 19 | 3 | 4 | 18 | 0 / 2 (0%) | 1 | 23% |
| Roadrunners |
4 | 13 | 22 | 3 | 4 | 20 | 1 / 2 (50%) | 0 | 77% |
Phantoms
| Player Name |
POS |
G |
A |
P |
+/- |
PIM |
HIT |
SHT |
SB |
MP |
PP MP |
PP SHT |
PK MP |
PK SHT |
FO% |
FOT |
GA |
TA |
| Alex Chiasson | RW | 0 | 0 | 0 | -1 | 0 | 0 | 0 | 0 | 19:14 | 1:26 | 0 | 0:00 | 0 | 0% |
1 | 0 | 0 |
| Andreas Johnsson | LW/RW | 0 | 1 | 1 | -1 | 0 | 3 | 1 | 0 | 21:57 | 2:12 | 0 | 0:57 | 0 | 0% |
0 | 1 | 0 |
| Chase Wouters | C | 0 | 0 | 0 | 0 | 0 | 0 | 0 | 0 | 1:30 | 0:00 | 0 | 0:00 | 0 | 0% |
0 | 0 | 0 |
| Cole Koepke | LW/RW | 0 | 0 | 0 | 0 | 2 | 2 | 0 | 0 | 19:11 | 1:29 | 0 | 0:00 | 0 | 0% |
0 | 0 | 0 |
| Cole Reinhardt | LW | 0 | 0 | 0 | 0 | 0 | 0 | 0 | 0 | 4:12 | 0:00 | 0 | 0:16 | 0 | 0% |
0 | 0 | 0 |
| Curtis Douglas | C | 0 | 0 | 0 | 0 | 0 | 1 | 0 | 0 | 11:13 | 0:23 | 0 | 0:06 | 0 | 0% |
1 | 0 | 0 |
| Danick Martel | LW | 0 | 0 | 0 | 0 | 0 | 0 | 0 | 0 | 0:53 | 0:00 | 0 | 0:00 | 0 | 0% |
0 | 0 | 0 |
| Dean Stewart | D | 0 | 0 | 0 | 1 | 0 | 1 | 0 | 0 | 20:11 | 1:32 | 0 | 0:00 | 0 | 0% |
1 | 0 | 0 |
| Eric Williams | D | 0 | 0 | 0 | 0 | 0 | 3 | 0 | 0 | 19:43 | 0:00 | 0 | 1:09 | 0 | 0% |
0 | 0 | 0 |
| Frank Hora | D | 0 | 0 | 0 | 1 | 0 | 0 | 0 | 0 | 20:07 | 1:31 | 0 | 1:09 | 0 | 0% |
0 | 0 | 0 |
| Layton Ahac | D | 0 | 0 | 0 | 1 | 0 | 1 | 0 | 0 | 12:14 | 0:01 | 0 | 0:10 | 0 | 0% |
0 | 0 | 1 |
| Peter Abbandonato | C | 0 | 1 | 1 | 0 | 0 | 0 | 0 | 0 | 19:48 | 1:33 | 0 | 0:50 | 0 | 50% |
6 | 0 | 1 |
| Phil Di Giuseppe | LW | 1 | 0 | 1 | -2 | 0 | 0 | 2 | 0 | 23:01 | 2:12 | 0 | 1:04 | 0 | 25% |
4 | 0 | 0 |
| Riley Barber | RW | 0 | 1 | 1 | -1 | 0 | 2 | 2 | 0 | 22:53 | 2:21 | 0 | 0:00 | 0 | 18% |
17 | 1 | 0 |
| Stefan Matteau | LW | 0 | 0 | 0 | 0 | 2 | 1 | 0 | 0 | 14:33 | 0:17 | 0 | 0:47 | 0 | 0% |
0 | 0 | 0 |
| Steven Santini | D | 0 | 0 | 0 | -2 | 0 | 1 | 1 | 1 | 26:02 | 2:27 | 0 | 0:51 | 0 | 0% |
0 | 1 | 0 |
| Tuukka Tieksola | RW | 1 | 0 | 1 | 1 | 0 | 3 | 1 | 0 | 15:26 | 0:01 | 0 | 0:00 | 0 | 0% |
0 | 0 | 0 |
| Wyatte Wylie | D | 0 | 1 | 1 | -2 | 0 | 0 | 1 | 2 | 25:50 | 2:25 | 0 | 0:41 | 0 | 0% |
0 | 2 | 0 |
Roadrunners
| Player Name |
POS |
G |
A |
P |
+/- |
PIM |
HIT |
SHT |
SB |
MP |
PP MP |
PP SHT |
PK MP |
PK SHT |
FO% |
FOT |
GA |
TA |
| Bobby Brink | RW | 1 | 0 | 1 | -1 | 0 | 0 | 3 | 0 | 18:21 | 1:02 | 1 | 0:00 | 0 | 100% |
1 | 0 | 0 |
| Cam Dineen | D | 0 | 1 | 1 | 1 | 0 | 0 | 0 | 0 | 16:28 | 0:40 | 0 | 1:34 | 0 | 0% |
0 | 0 | 0 |
| Colin White | C/RW | 0 | 2 | 2 | 0 | 0 | 1 | 1 | 0 | 23:02 | 1:04 | 0 | 2:07 | 0 | 87% |
15 | 0 | 0 |
| Ethan Cardwell | RW | 0 | 0 | 0 | 0 | 0 | 0 | 0 | 0 | 4:43 | 0:04 | 0 | 0:00 | 0 | 100% |
1 | 0 | 0 |
| Ethan Frisch | D | 0 | 0 | 0 | 0 | 0 | 0 | 0 | 0 | 1:16 | 0:00 | 0 | 0:00 | 0 | 0% |
0 | 0 | 0 |
| Fredrik Karlstrom | C | 0 | 0 | 0 | 0 | 0 | 2 | 0 | 0 | 16:57 | 0:22 | 0 | 0:47 | 0 | 67% |
3 | 1 | 0 |
| Josh Doan | RW | 0 | 0 | 0 | 0 | 0 | 0 | 0 | 0 | 1:01 | 0:00 | 0 | 0:00 | 0 | 0% |
0 | 0 | 0 |
| Julien Gauthier | RW | 0 | 1 | 1 | 2 | 0 | 1 | 1 | 0 | 19:13 | 0:54 | 0 | 0:00 | 0 | 100% |
1 | 0 | 1 |
| Kale Clague | D | 0 | 0 | 0 | 2 | 0 | 1 | 1 | 1 | 23:16 | 0:00 | 0 | 0:14 | 0 | 0% |
0 | 0 | 1 |
| Linus Karlsson | RW | 1 | 0 | 1 | 0 | 0 | 3 | 2 | 0 | 16:24 | 0:00 | 0 | 0:00 | 0 | 50% |
2 | 0 | 0 |
| Mac Hollowell | D | 0 | 0 | 0 | 0 | 0 | 0 | 0 | 0 | 16:14 | 0:00 | 0 | 1:29 | 0 | 0% |
0 | 0 | 1 |
| Nick Abruzzese | C/LW | 0 | 1 | 1 | 1 | 0 | 1 | 1 | 1 | 18:41 | 0:54 | 0 | 1:25 | 0 | 0% |
1 | 1 | 0 |
| Nikita Novikov | D | 0 | 0 | 0 | -1 | 0 | 1 | 0 | 0 | 20:17 | 1:20 | 0 | 2:29 | 0 | 0% |
0 | 0 | 1 |
| Reilly Walsh | D | 0 | 0 | 0 | 0 | 0 | 1 | 1 | 0 | 24:51 | 1:20 | 0 | 2:10 | 0 | 0% |
0 | 0 | 1 |
| Rem Pitlick | LW/RW | 0 | 0 | 0 | -1 | 0 | 3 | 0 | 1 | 21:31 | 1:03 | 0 | 2:08 | 0 | 0% |
0 | 0 | 0 |
| Stanislav Svozil | D | 0 | 0 | 0 | 0 | 4 | 2 | 0 | 0 | 17:43 | 0:40 | 0 | 0:00 | 0 | 0% |
0 | 0 | 0 |
| Trey Fix-Wolansky | RW | 0 | 0 | 0 | 1 | 0 | 3 | 1 | 0 | 16:43 | 0:34 | 0 | 1:18 | 1 | 100% |
1 | 0 | 0 |
| William Eklund | LW | 2 | 0 | 2 | 1 | 0 | 1 | 2 | 0 | 19:19 | 0:03 | 0 | 0:11 | 0 | 60% |
5 | 0 | 0 |
Phantoms
| 5 vs 5 Forward |
|---|
| Line # | Left Wing | Center | Right Wing | PHY | DF | OF | Wanted % | Time % | Time Play |
| 1 | Phil Di Giuseppe | Riley Barber | Andreas Johnsson | 1 | 2 | 2 | 40 | 29% | 15:20
|
| 2 | Cole Koepke | Peter Abbandonato | Riley Barber | 1 | 2 | 2 | 30 | 36% | 18:55
|
| 3 | Andreas Johnsson | Phil Di Giuseppe | Alex Chiasson | 1 | 2 | 2 | 20 | 15% | 7:56
|
| 4 | Andreas Johnsson | Dean Stewart | Tuukka Tieksola | 1 | 2 | 2 | 10 | 20% | 10:39
|
| 5 vs 5 Defense |
|---|
| Line # | Defense | Defense | | PHY | DF | OF | Wanted % | Time % | Time Play |
| 1 | Wyatte Wylie | Steven Santini | | 1 | 2 | 2 | 40 | 33% | 17:26
|
| 2 | Wyatte Wylie | Frank Hora | | 1 | 2 | 2 | 30 | 23% | 12:22
|
| 3 | Dean Stewart | Eric Williams | | 1 | 2 | 2 | 20 | 31% | 16:26
|
| 4 | Frank Hora | Steven Santini | | 1 | 2 | 2 | 10 | 12% | 6:36
|
| Power Play Forward |
|---|
| Line # | Left Wing | Center | Right Wing | PHY | DF | OF | Wanted % | Time % | Time Play |
| 1 | Phil Di Giuseppe | Riley Barber | Andreas Johnsson | 1 | 2 | 2 | 60 | 63% | 2:29
|
| 2 | Cole Koepke | Peter Abbandonato | Riley Barber | 1 | 2 | 2 | 40 | 37% | 1:29
|
| Power Play Defense |
|---|
| Line # | Defense | Defense | | PHY | DF | OF | Wanted % | Time % | Time Play |
| 1 | Wyatte Wylie | Steven Santini | | 1 | 2 | 2 | 60 | 62% | 2:27
|
| 2 | Wyatte Wylie | Frank Hora | | 1 | 2 | 2 | 40 | 38% | 1:31
|
| Penalty Kill 4 Players Forward |
|---|
| Line # | Center | Wing | PHY | DF | OF | Wanted % | Time % | Time Play |
| 1 | Phil Di Giuseppe | Andreas Johnsson | 1 | 2 | 2 | 60 | 100% | 2:00
|
| 2 | Andreas Johnsson | Riley Barber | 1 | 2 | 2 | 40 | 0% | 0:00
|
| Penalty Kill 4 Players Defense |
|---|
| Line # | Defense | Defense | PHY | DF | OF | Wanted % | Time % | Time Play |
| 1 | Wyatte Wylie | Steven Santini | 1 | 2 | 2 | 60 | 43% | 0:51
|
| 2 | Wyatte Wylie | Frank Hora | 1 | 2 | 2 | 40 | 58% | 1:09
|
| Penalty Kill 3 Players |
|---|
| Line # | Wing | PHY | DF | OF | Wanted % | Time % | Time Play | Defense | Defense | PHY | DF | OF | Wanted % | Time % | Time Play |
| 1 | Phil Di Giuseppe | 1 | 2 | 2 | 60 | 0% | 0:00
| Wyatte Wylie | Steven Santini | 1 | 2 | 2 | 60 | 0% | 0:00
|
| 2 | Phil Di Giuseppe | 1 | 2 | 2 | 40 | 0% | 0:00
| Wyatte Wylie | Frank Hora | 1 | 2 | 2 | 40 | 0% | 0:00
|
| 4 vs 4 Forward |
|---|
| Line # | Center | Wing | PHY | DF | OF | Wanted % | Time % | Time Play |
| 1 | Phil Di Giuseppe | Andreas Johnsson | 1 | 2 | 2 | 60 | 0% | 0:00
|
| 2 | Andreas Johnsson | Riley Barber | 1 | 2 | 2 | 40 | 0% | 0:00
|
| 4 vs 4 Defense |
|---|
| Line # | Defense | | PHY | DF | OF | Wanted % | Time % | Time Play |
| 1 | Wyatte Wylie | Steven Santini | 1 | 2 | 2 | 60 | 0% | 0:00
|
| 2 | Wyatte Wylie | Frank Hora | 1 | 2 | 2 | 40 | 0% | 0:00
|
| Last Minutes Offensive |
|---|
| Left Wing | Center | Right Wing | Defense | Defense |
| Phil Di Giuseppe | Riley Barber | Andreas Johnsson | Wyatte Wylie | Steven Santini |
| Last Minutes Defensive |
|---|
| Left Wing | Center | Right Wing | Defense | Defense |
| Phil Di Giuseppe | Riley Barber | Andreas Johnsson | Wyatte Wylie | Steven Santini |
| Time |
|---|
| Total Forward | Total Defense | Last Minutes Offensive | Last Minutes Defensive |
| 60:00 |
60:00 |
1:12 | 0:00 |
| Extra Forwards |
|---|
| Normal | PowerPlay | Penalty Kill |
|
Alex Chiasson, Andreas Johnsson, Phil Di Giuseppe | Alex Chiasson, Phil Di Giuseppe | Phil Di Giuseppe |
| Extra Defensemen |
|---|
| Normal | PowerPlay | Penalty Kill |
|
Dean Stewart, Eric Williams, Wyatte Wylie | Dean Stewart, Eric Williams | Wyatte Wylie |
| Penalty Shots |
|---|
|
Phil Di Giuseppe, Cole Koepke, Andreas Johnsson, Riley Barber, Alex Chiasson |
| Goalie |
|---|
| Malcolm Subban, Daniel Mannella |
| Scratches |
|---|
|
Colt Conrad (Healthy), David Cotton (Healthy), Erik Brown (Healthy), Austin Osmanski (Healthy), Ben Finkelstein (Healthy)
Liam Kirk (Healthy) |
Roadrunners
| 5 vs 5 Forward |
|---|
| Line # | Left Wing | Center | Right Wing | PHY | DF | OF | Wanted % | Time % | Time Play |
| 1 | Rem Pitlick | Colin White | Bobby Brink | 1 | 2 | 2 | 40 | 33% | 17:32
|
| 2 | Nick Abruzzese | William Eklund | Julien Gauthier | 1 | 2 | 2 | 30 | 28% | 14:43
|
| 3 | William Eklund | Fredrik Karlstrom | Linus Karlsson | 1 | 2 | 2 | 20 | 26% | 13:51
|
| 4 | Julien Gauthier | Colin White | Trey Fix-Wolansky | 1 | 2 | 2 | 10 | 13% | 6:43
|
| 5 vs 5 Defense |
|---|
| Line # | Defense | Defense | | PHY | DF | OF | Wanted % | Time % | Time Play |
| 1 | Reilly Walsh | Kale Clague | | 1 | 3 | 1 | 40 | 26% | 13:47
|
| 2 | Reilly Walsh | Nikita Novikov | | 2 | 2 | 1 | 30 | 30% | 15:43
|
| 3 | Kale Clague | Stanislav Svozil | | 1 | 2 | 2 | 20 | 23% | 12:17
|
| 4 | Mac Hollowell | Reilly Walsh | | 1 | 2 | 2 | 10 | 21% | 11:02
|
| Power Play Forward |
|---|
| Line # | Left Wing | Center | Right Wing | PHY | DF | OF | Wanted % | Time % | Time Play |
| 1 | Rem Pitlick | Colin White | Bobby Brink | 0 | 1 | 4 | 60 | 55% | 1:06
|
| 2 | Nick Abruzzese | Colin White | Julien Gauthier | 0 | 1 | 4 | 40 | 45% | 0:54
|
| Power Play Defense |
|---|
| Line # | Defense | Defense | | PHY | DF | OF | Wanted % | Time % | Time Play |
| 1 | Reilly Walsh | Nikita Novikov | | 0 | 1 | 4 | 60 | 100% | 2:00
|
| 2 | Reilly Walsh | Nikita Novikov | | 0 | 1 | 4 | 40 | 0% | 0:00
|
| Penalty Kill 4 Players Forward |
|---|
| Line # | Center | Wing | PHY | DF | OF | Wanted % | Time % | Time Play |
| 1 | Colin White | Rem Pitlick | 1 | 3 | 1 | 60 | 100% | 3:58
|
| 2 | Colin White | Nick Abruzzese | 1 | 3 | 1 | 40 | 0% | 0:00
|
| Penalty Kill 4 Players Defense |
|---|
| Line # | Defense | Defense | PHY | DF | OF | Wanted % | Time % | Time Play |
| 1 | Reilly Walsh | Nikita Novikov | 2 | 3 | 0 | 60 | 100% | 3:58
|
| 2 | Reilly Walsh | Nikita Novikov | 2 | 3 | 0 | 40 | 0% | 0:00
|
| Penalty Kill 3 Players |
|---|
| Line # | Wing | PHY | DF | OF | Wanted % | Time % | Time Play | Defense | Defense | PHY | DF | OF | Wanted % | Time % | Time Play |
| 1 | Colin White | 0 | 5 | 0 | 60 | 0% | 0:00
| Reilly Walsh | Nikita Novikov | 1 | 4 | 0 | 60 | 0% | 0:00
|
| 2 | Rem Pitlick | 0 | 5 | 0 | 40 | 0% | 0:00
| Reilly Walsh | Nikita Novikov | 1 | 4 | 0 | 40 | 0% | 0:00
|
| 4 vs 4 Forward |
|---|
| Line # | Center | Wing | PHY | DF | OF | Wanted % | Time % | Time Play |
| 1 | Colin White | Rem Pitlick | 1 | 2 | 2 | 60 | 0% | 0:00
|
| 2 | Colin White | Nick Abruzzese | 1 | 2 | 2 | 40 | 0% | 0:00
|
| 4 vs 4 Defense |
|---|
| Line # | Defense | | PHY | DF | OF | Wanted % | Time % | Time Play |
| 1 | Reilly Walsh | Nikita Novikov | 1 | 2 | 2 | 60 | 0% | 0:00
|
| 2 | Reilly Walsh | Nikita Novikov | 1 | 2 | 2 | 40 | 0% | 0:00
|
| Last Minutes Offensive |
|---|
| Left Wing | Center | Right Wing | Defense | Defense |
| Rem Pitlick | Colin White | Bobby Brink | Reilly Walsh | Kale Clague |
| Last Minutes Defensive |
|---|
| Left Wing | Center | Right Wing | Defense | Defense |
| Rem Pitlick | Colin White | William Eklund | Reilly Walsh | Kale Clague |
| Time |
|---|
| Total Forward | Total Defense | Last Minutes Offensive | Last Minutes Defensive |
| 60:00 |
60:00 |
0:00 | 1:13 |
| Extra Forwards |
|---|
| Normal | PowerPlay | Penalty Kill |
|
Trey Fix-Wolansky, Colin White, Linus Karlsson | Trey Fix-Wolansky, Rem Pitlick | Trey Fix-Wolansky |
| Extra Defensemen |
|---|
| Normal | PowerPlay | Penalty Kill |
|
Stanislav Svozil, Mac Hollowell, Reilly Walsh | Stanislav Svozil, Stanislav Svozil | Mac Hollowell |
| Penalty Shots |
|---|
|
Colin White, Julien Gauthier, Rem Pitlick, Bobby Brink, Trey Fix-Wolansky |
| Goalie |
|---|
| Garrett Metcalf, Darion Hanson |
| Scratches |
|---|
|
Domenick Fensore (Healthy), Eetu Liukas (Healthy), Marat Khusnutdinov (Broken Ribs Injury), Marco Kasper (Healthy), Matthew Maggio (Healthy)
Nikita Chibrikov (Healthy), Jake Massie (Left Wrist Injury), Roni Hirvonen (Healthy), Trevor Kuntar (Healthy), Angus Crookshank (Healthy)
Brayden Tracey (Healthy), Evan Barratt (Healthy), Griffin Luce (Healthy), Jamieson Rees (Healthy), Ryan O'Rourke (Healthy)
Grant Mismash (Healthy), Brad Lambert (Healthy), Brendan Brisson (Healthy), Karl Henriksson (Healthy), Samuel Knazko (Healthy)
Daniil Chechelev (Healthy) |
Play-by-Play
1st period
0:01 of 1st period - Colin White wins face-off versus Riley Barber in neutral zone.
0:35 of 1st period - Snap shot by William Eklund.
0:35 of 1st period - Shot Misses the Net.
0:37 of 1st period - Backhand shot by Julien Gauthier.
0:37 of 1st period - Shot Blocked by Steven Santini.
0:49 of 1st period - Peter Abbandonato is hit by Fredrik Karlstrom and loses puck.
1:42 of 1st period - Wrist shot by Andreas Johnsson.
1:42 of 1st period - Shot Blocked by Rem Pitlick.
1:51 of 1st period - Icing by Colin White.
1:52 of 1st period - William Eklund wins face-off versus Peter Abbandonato in Roadrunners zone.
2:03 of 1st period - Eric Williams is hit by Julien Gauthier and loses puck.
2:10 of 1st period - Reilly Walsh is hit by Eric Williams and loses puck.
5:38 of 1st period - Nikita Novikov is hit by Stefan Matteau.
6:17 of 1st period - Mac Hollowell is hit by Andreas Johnsson and loses puck.
6:36 of 1st period - Tuukka Tieksola is hit by Rem Pitlick and loses puck.
10:03 of 1st period - Icing by Rem Pitlick.
10:04 of 1st period - Ethan Cardwell wins face-off versus Curtis Douglas in Roadrunners zone.
10:04 of 1st period - Ethan Cardwell is hit by Cole Koepke.
12:38 of 1st period - Phil Di Giuseppe is hit by Rem Pitlick.
13:06 of 1st period - Fredrik Karlstrom is hit by Steven Santini and loses puck.
14:37 of 1st period - Eric Williams is hit by Kale Clague and loses puck.
19:15 of 1st period - Rem Pitlick is hit by Riley Barber and loses puck.
19:26 of 1st period - Julien Gauthier is hit by Layton Ahac and loses puck.
19:37 of 1st period - William Eklund is hit by Andreas Johnsson and loses puck.
Goals for this period are 0 for Phantoms vs 0 for Roadrunners.
Shots for this period are 0 for Phantoms vs 0 for Roadrunners.
2nd period
0:01 of 2nd period - Colin White wins face-off versus Phil Di Giuseppe in neutral zone.
0:01 of 2nd period - Colin White is hit by Andreas Johnsson.
0:15 of 2nd period - Snap shot by Bobby Brink.
0:15 of 2nd period - Stopped by Malcolm Subban with a rebound.
0:17 of 2nd period - Wrist shot by Kale Clague.
0:17 of 2nd period - Shot Blocked by Wyatte Wylie.
1:26 of 2nd period - Stanislav Svozil is hit by Tuukka Tieksola and loses puck.
2:28 of 2nd period - Dean Stewart is hit by Stanislav Svozil and loses puck.
2:56 of 2nd period - Tuukka Tieksola is hit by Trey Fix-Wolansky and loses puck.
3:25 of 2nd period - Wyatte Wylie is hit by Rem Pitlick and loses puck.
3:32 of 2nd period - Curtis Douglas is hit by Stanislav Svozil and loses puck.
3:46 of 2nd period - Off-side.
3:47 of 2nd period - Fredrik Karlstrom wins face-off versus Peter Abbandonato in neutral zone.
3:59 of 2nd period - Icing by Fredrik Karlstrom.
4:00 of 2nd period - Riley Barber wins face-off versus Linus Karlsson in Roadrunners zone.
4:24 of 2nd period - Rem Pitlick is hit by Dean Stewart.
4:31 of 2nd period - Icing by Cam Dineen.
4:32 of 2nd period - Phil Di Giuseppe wins face-off versus Colin White in Roadrunners zone.
4:47 of 2nd period - Snap shot by Colin White.
4:47 of 2nd period - Stopped by Malcolm Subban with a rebound.
4:49 of 2nd period - Snap shot by Colin White.
4:49 of 2nd period - Deflect By Rem Pitlick.
4:49 of 2nd period - Shot Misses the Net.
4:49 of 2nd period - Puck is out of play.
4:50 of 2nd period - William Eklund wins face-off versus Alex Chiasson in Phantoms zone.
4:51 of 2nd period - Wrist shot by Julien Gauthier.
4:51 of 2nd period - Stopped by Malcolm Subban with a rebound.
4:53 of 2nd period - Snap shot by William Eklund.
4:53 of 2nd period - Goal by William Eklund - Phantoms : 0 - Roadrunners : 1.
4:54 of 2nd period - Riley Barber wins face-off versus William Eklund in neutral zone.
6:03 of 2nd period - Kale Clague is hit by Eric Williams.
7:03 of 2nd period - Alex Chiasson is hit by Trey Fix-Wolansky and loses puck.
8:26 of 2nd period - Steven Santini is hit by Linus Karlsson and loses puck.
9:06 of 2nd period - Icing by Layton Ahac.
9:07 of 2nd period - Colin White wins face-off versus Peter Abbandonato in Phantoms zone.
9:30 of 2nd period - Alex Chiasson is hit by Linus Karlsson and loses puck.
10:16 of 2nd period - Alex Chiasson is hit by Fredrik Karlstrom and loses puck.
13:18 of 2nd period - Minor Penalty to Stanislav Svozil for Tripping.
13:19 of 2nd period - Colin White wins face-off versus Riley Barber in Roadrunners zone.
13:59 of 2nd period - Colin White is hit by Cole Koepke and loses puck.
15:18 of 2nd period - Penalty to Stanislav Svozil is over, Stanislav Svozil is back on ice.
15:48 of 2nd period - Layton Ahac is hit by Trey Fix-Wolansky and loses puck.
17:05 of 2nd period - Off-side.
17:06 of 2nd period - Peter Abbandonato wins face-off versus Nick Abruzzese in neutral zone.
17:27 of 2nd period - Reilly Walsh is hit by Tuukka Tieksola and loses puck.
Goals for this period are 0 for Phantoms vs 1 for Roadrunners.
Shots for this period are 0 for Phantoms vs 4 for Roadrunners.
3rd period
0:01 of 3rd period - Riley Barber wins face-off versus Colin White in neutral zone.
0:08 of 3rd period - Snap shot by Andreas Johnsson.
0:08 of 3rd period - Stopped by Garrett Metcalf with a rebound.
0:10 of 3rd period - Snap shot by Wyatte Wylie.
0:10 of 3rd period - Shot Blocked by Kale Clague.
0:12 of 3rd period - Wrist shot by Phil Di Giuseppe.
0:12 of 3rd period - Goal by Phil Di Giuseppe - Phantoms : 1 - Roadrunners : 1.
0:13 of 3rd period - Colin White wins face-off versus Riley Barber in neutral zone.
0:16 of 3rd period - Slapshot by Kale Clague.
0:16 of 3rd period - Shot Blocked by Wyatte Wylie.
0:18 of 3rd period - Slapshot by Kale Clague.
0:18 of 3rd period - Stopped by Malcolm Subban with a rebound.
0:20 of 3rd period - Slapshot by Reilly Walsh.
0:20 of 3rd period - Deflect By Rem Pitlick.
0:20 of 3rd period - Shot Misses the Net.
0:20 of 3rd period - Puck is out of play.
0:21 of 3rd period - Colin White wins face-off versus Riley Barber in Phantoms zone.
0:24 of 3rd period - Wrist shot by Bobby Brink.
0:24 of 3rd period - Stopped by Malcolm Subban without a rebound.
0:25 of 3rd period - William Eklund wins face-off versus Riley Barber in Phantoms zone.
0:32 of 3rd period - Snap shot by William Eklund.
0:32 of 3rd period - Goal by William Eklund - Phantoms : 1 - Roadrunners : 2.
0:33 of 3rd period - Colin White wins face-off versus Riley Barber in neutral zone.
0:36 of 3rd period - Steven Santini is hit by Colin White and loses puck.
0:59 of 3rd period - Phil Di Giuseppe is hit by Reilly Walsh.
1:09 of 3rd period - Snap shot by Nick Abruzzese.
1:09 of 3rd period - Stopped by Malcolm Subban with a rebound.
1:55 of 3rd period - Alex Chiasson is hit by Nikita Novikov.
2:04 of 3rd period - Minor Penalty to Stefan Matteau for Tripping.
2:05 of 3rd period - Colin White wins face-off versus Phil Di Giuseppe in Phantoms zone.
2:05 of 3rd period - Slapshot by Bobby Brink.
2:05 of 3rd period - Goal by Bobby Brink - Phantoms : 1 - Roadrunners : 3.
2:06 of 3rd period - Julien Gauthier wins face-off versus Riley Barber in neutral zone.
2:31 of 3rd period - Reilly Walsh is hit by Riley Barber and loses puck.
3:00 of 3rd period - Wrist shot by Colin White.
3:00 of 3rd period - Shot Misses the Net.
5:03 of 3rd period - Nick Abruzzese is hit by Tuukka Tieksola and loses puck.
7:14 of 3rd period - Icing by Frank Hora.
7:15 of 3rd period - Fredrik Karlstrom wins face-off versus Dean Stewart in Phantoms zone.
7:53 of 3rd period - Icing by William Eklund.
7:54 of 3rd period - Peter Abbandonato wins face-off versus Fredrik Karlstrom in Roadrunners zone.
9:45 of 3rd period - Minor Penalty to Cole Koepke for Hooking.
9:46 of 3rd period - Bobby Brink wins face-off versus Phil Di Giuseppe in Phantoms zone.
11:45 of 3rd period - Penalty to Cole Koepke is over, Cole Koepke is back on ice.
12:15 of 3rd period - Mac Hollowell is hit by Eric Williams and loses puck.
12:47 of 3rd period - Peter Abbandonato is hit by Linus Karlsson and loses puck.
13:00 of 3rd period - Slapshot by Riley Barber.
13:00 of 3rd period - Shot Blocked by Nick Abruzzese.
13:02 of 3rd period - Snap shot by Tuukka Tieksola.
13:02 of 3rd period - Goal by Tuukka Tieksola - Phantoms : 2 - Roadrunners : 3.
13:03 of 3rd period - Colin White wins face-off versus Riley Barber in neutral zone.
13:06 of 3rd period - Slapshot by Kale Clague.
13:06 of 3rd period - Shot Misses the Net.
13:35 of 3rd period - Slapshot by Reilly Walsh.
13:35 of 3rd period - Stopped by Malcolm Subban with a rebound.
13:39 of 3rd period - Snap shot by Bobby Brink.
13:39 of 3rd period - Deflect By Rem Pitlick.
13:39 of 3rd period - Shot Misses the Net.
13:39 of 3rd period - Puck is out of play.
13:40 of 3rd period - Peter Abbandonato wins face-off versus William Eklund in Phantoms zone.
13:48 of 3rd period - Minor Penalty to Stanislav Svozil for Tripping.
13:49 of 3rd period - Colin White wins face-off versus Riley Barber in Roadrunners zone.
13:59 of 3rd period - Off-side.
14:00 of 3rd period - Colin White wins face-off versus Riley Barber in neutral zone.
14:55 of 3rd period - Icing by Phil Di Giuseppe.
14:56 of 3rd period - Trey Fix-Wolansky wins face-off versus Riley Barber in Phantoms zone.
15:01 of 3rd period - Wrist shot by Trey Fix-Wolansky.
15:01 of 3rd period - Stopped by Malcolm Subban with a rebound.
15:39 of 3rd period - Andreas Johnsson is hit by Nick Abruzzese and loses puck.
15:48 of 3rd period - Penalty to Stanislav Svozil is over, Stanislav Svozil is back on ice.
16:12 of 3rd period - Alex Chiasson is hit by William Eklund and loses puck.
18:03 of 3rd period - Ethan Cardwell is hit by Curtis Douglas and loses puck.
18:57 of 3rd period - Snap shot by Linus Karlsson.
18:57 of 3rd period - Stopped by Malcolm Subban without a rebound.
18:58 of 3rd period - Joe Sacco call a timeout for Phantoms.
18:58 of 3rd period - Linus Karlsson wins face-off versus Riley Barber in Phantoms zone.
19:15 of 3rd period - Phantoms, Malcolm Subban is pulled from the net.
19:15 of 3rd period - Wrist shot by Riley Barber.
19:15 of 3rd period - Deflect By Linus Karlsson.
19:15 of 3rd period - Shot Misses the Net.
19:15 of 3rd period - Puck is out of play.
19:16 of 3rd period - Colin White wins face-off versus Riley Barber in Roadrunners zone.
19:25 of 3rd period - Snap shot by Riley Barber.
19:25 of 3rd period - Stopped by Garrett Metcalf with a rebound.
19:27 of 3rd period - Slapshot by Alex Chiasson.
19:27 of 3rd period - Shot Misses the Net.
19:29 of 3rd period - Snap shot by Steven Santini.
19:29 of 3rd period - Deflect By Riley Barber.
19:29 of 3rd period - Stopped by Garrett Metcalf with a rebound.
19:31 of 3rd period - Snap shot by Riley Barber.
19:31 of 3rd period - Shot Misses the Net.
19:33 of 3rd period - Snap shot by Steven Santini.
19:33 of 3rd period - Shot Misses the Net.
19:35 of 3rd period - Wrist shot by Wyatte Wylie.
19:35 of 3rd period - Stopped by Garrett Metcalf with a rebound.
19:37 of 3rd period - Snap shot by Alex Chiasson.
19:37 of 3rd period - Shot Misses the Net.
19:39 of 3rd period - Snap shot by Steven Santini.
19:39 of 3rd period - Stopped by Garrett Metcalf with a rebound.
19:41 of 3rd period - Snap shot by Phil Di Giuseppe.
19:41 of 3rd period - Shot Misses the Net.
19:43 of 3rd period - Slapshot by Riley Barber.
19:43 of 3rd period - Shot Misses the Net.
19:45 of 3rd period - Wrist shot by Phil Di Giuseppe.
19:45 of 3rd period - Shot Misses the Net.
19:47 of 3rd period - Wrist shot by Phil Di Giuseppe.
19:47 of 3rd period - Stopped by Garrett Metcalf without a rebound.
19:48 of 3rd period - Colin White wins face-off versus Riley Barber in Roadrunners zone.
19:59 of 3rd period - Snap shot by Linus Karlsson.
19:59 of 3rd period - Goal by Linus Karlsson - Phantoms : 2 - Roadrunners : 4.
19:59 of 3rd period - Malcolm Subban from Phantoms was sent back in the game.
Goals for this period are 2 for Phantoms vs 3 for Roadrunners.
Shots for this period are 8 for Phantoms vs 9 for Roadrunners.